 Dungeon Crawl Stone Soup version 0.22.0-6-g71bd7aa (console) character file.

60 TAS2012 the Cutter (level 3, -1/22 HPs)
             Began as a Deep Elf Abyssal Knight on Aug 15, 2018.
             Was a Follower of Lugonu.
             Slain by a jackal (3 damage)
             ... on level 3 of the Dungeon.
             The game lasted 00:08:37 (1727 turns).

TAS2012 the Cutter (Deep Elf Abyssal Knight)        Turns: 1727, Time: 00:08:38

Health: -1/22      AC:  3    Str:  9    XL:     3   Next: 82%
Magic:  6/6        EV: 12    Int: 17    God:    Lugonu [*.....]
Gold:   107        SH:  0    Dex: 14    Spells: 2/2 levels left

rFire    . . .     SeeInvis .   a - +1 short sword
rCold    . . .     Gourm    .   (no shield)
rNeg     . . .     Faith    .   b - +0 leather armour
rPois    .         Spirit   .   (no helmet)
rElec    .         Reflect  .   (no cloak)
rCorr    .         Harm     .   (no gloves)
MR       .....                  (no boots)
Stlth    +.........             (no amulet)
HPRegen  0.07/turn              (no ring)
MPRegen  0.10/turn              (no ring)

@: no status effects
A: no striking features
a: Depart the Abyss, Renounce Religion


You were on level 3 of the Dungeon.
You worshipped Lugonu.
Lugonu was aware of your devotion.
You were hungry.

You visited 1 branch of the dungeon, and saw 3 of its levels.
You visited the Abyss 1 time.

You collected 107 gold pieces.

Inventory:

Hand Weapons
 a - a +1 short sword (weapon)
 j - a +0 dagger
Missiles
 i - 84 stones (quivered)
Armour
 b - a +0 leather armour (worn)
Jewellery
 e - an uncursed ring of fire
Scrolls
 f - 2 scrolls of amnesia {unknown}
 g - a scroll of immolation {unknown}
 h - 3 scrolls of teleportation {unknown}
 k - 3 scrolls of identify {unknown}
 o - 2 scrolls of remove curse {unknown}
Potions
 m - a potion of ambrosia {unknown}
 n - a potion of curing {unknown}
Comestibles
 c - 5 rations
 d - a chunk of flesh


   Skills:
 - Level 2.4 Fighting
 + Level 4.2 Short Blades
 - Level 0.7 Armour
 - Level 2.4 Dodging
 - Level 2.0 Invocations


You had 2 spell levels left.
You didn't know any spells.
Your spell library was empty.

Dungeon Overview and Level Annotations

Branches:
Dungeon (3/15)

Altars:
Okawaru

Annotations:
D:2 Jessica


Message History

The orc is heavily wounded.
The orc hits you with a hand axe.
You hit the orc.
The orc is heavily wounded.
The orc barely misses you.
You closely miss the orc.
The orc is heavily wounded.
The orc completely misses you.
You closely miss the orc.
The orc is heavily wounded.
The orc hits you with a hand axe.
* * * LOW HITPOINT WARNING * * *
You hit the orc.
You kill the orc!
Lugonu accepts your kill.
You closely miss the jackal.
The jackal bites you but does no damage.
You hit the jackal but do no damage. The jackal barely misses you.
You hit the jackal but do no damage. The jackal bites you.
You die...

▒▒▒▒▒▒▒▒▒▒▒▒
▒····ho···%▒
▒·▒▒▒▒▒▒▒▒<▒
h·ho···········▒h▒▒▒▒
···▒▒▒▒·▒▒▒▒▒······h▒
··▒ ▒·▒▒▒▒▒·▒
··▒▒▒▒▒·▒ ▒·▒▒▒▒▒▒▒
▒··▒·····▒ ▒···h@··▒
▒··▒·▒▒▒·▒ ▒·▒▒▒▒▒·▒
▒··▒ ▒·▒▒▒▒▒·▒ ·▒
▒····%··▒ ·▒
▒▒·▒▒·▒▒▒ ·▒ ▒·▒▒·▒▒
·▒ ▒···w·▒ ·▒ ▒▒▒▒··▒
)· ·▒▒▒▒▒▒▒▒··▒
···········▒
·▒▒▒▒▒▒▒▒▒·▒


You could see a jackal.

Vanquished Creatures
  3 adders
  3 dart slugs
  A leopard gecko (D:2)
  An orc (D:3)
  2 giant cockroaches
  2 goblins
  A jackal (D:3)
  4 bats
  5 kobolds
  7 rats
29 creatures vanquished.

Notes
Turn   | Place    | Note
-------+----------+-------------------------------------------
     0 | Abyss:1  | TAS2012 the Deep Elf Abyssal Knight began the quest for the Orb.
     0 | Abyss:1  | Reached XP level 1. HP: 13/13 MP: 4/4
    56 | Abyss:1  | Found a corrupted altar of Lugonu.
   110 | Abyss:1  | Noticed a Hell Sentinel
   111 | D:1      | Escaped the Abyss
   537 | D:1      | Reached * piety under Lugonu
   648 | D:1      | Reached XP level 2. HP: 18/18 MP: 5/5
   736 | D:2      | Reached skill level 3 in Short Blades
   808 | D:2      | Reached XP level 3. HP: 14/22 MP: 6/6
  1019 | D:2      | Found an iron altar of Okawaru.
  1241 | D:2      | Noticed Jessica
  1288 | D:3      | Reached skill level 4 in Short Blades
  1727 | D:3      | Slain by a jackal

Skill      XL: |  1  2  3 |
---------------+----------+-----
Short Blades   | 3 4 |  4.2
Fighting       | |  2.4
Armour         | |  0.7
Dodging        | |  2.4
Invocations    | |  2.0

Action                   || total
-------------------------++-------
Melee: Short sword       ||   124
Invok: Depart the Abyss  ||     1
  Use: Potion            ||     3
 Stab: Sleeping          ||     1
  Eat: Chunk             ||     2
Armor: Leather armour    ||    26
       Skin              ||     1
Dodge: Dodged            ||    85
